Description

克哈裂痕红点,不含奖励。 详细信息:https://bbs.nga.cn/read.php?tid=17265336&forder_by=postdatedesc&rand=273

Build Order

Get SALT Encoding   

  1  2:00  Action  
  2  5:00  Action  
  3  8:00  Action 进攻建筑多的二矿  
  4  11:00  Action  
  5  14:00  Action  
  6  17:00  Action 进攻建筑多的二矿  
  7  20:30  Action  
  8  24:30  Action  
  9  26:30  Action  
  10  28:30  Action  
  11  30:30  Action  
Spawning Tool Build Advisor. Get it on Overwolf

Go to:

Details

  • Created by: DCpro
  • Published on: Aug 05, 2021
  • Modified on: Aug 07, 2021
  • Patch: 4.11.0
  • Difficulty: Medium
Show
View Real Time Build Order
Export as new Build Order

Comments (0)

There are no comments. Be the first!

Create an account to comment!